 Dungeon Crawl Stone Soup version 0.31.0-11-ge490571c62 (webtiles) character file.

Game seed: 16947609555649705588

267 stipulation the Grave Robber (level 6, -1/28 HPs)
             Began as a Vine Stalker Necromancer on Jan 29, 2024.
             Killed from afar by a steam dragon (18 damage)
             ... with a ball of steam
             ... on level 6 of the Dungeon.
             The game lasted 00:05:40 (3732 turns).

stipulation the Grave Robber (VSNe)                 Turns: 3732, Time: 00:05:41

Health: -1/28      AC:  3    Str: 10 (11) XL:     6   Next: 21%
Magic:  0/14       EV: 12    Int: 16 (17) God:
Gold:   179        SH:  0    Dex: 13 (14) Spells: 4/14 levels left

rFire   . . .        p - +1 dagger (drain)
rCold   . . .        (no shield)
rNeg    . . .        a - +0 robe
rPois   .            (no helmet)
rElec   .            h - scarf {shadows}
rCorr   .            (no gloves)
SInv    .            f - +0 pair of boots
Will    .....        (no amulet)
Stlth   ++           (no ring)
HPRegen 1.04/turn    (no ring)
MPRegen 0.14/turn

%: guardian spirit
@: no status effects
A: fangs 2, regeneration 1, magic shield, antimagic bite, no potion heal 2
a: no special abilities


You were on level 6 of the Dungeon.
You visited 1 branch of the dungeon, and saw 5 of its levels.

You collected 179 gold pieces.

Inventory:

Hand Weapons
 i - a +0 dagger
 p - a +1 dagger of draining (weapon)
Armour
 a - a +0 robe (worn)
 f - a +0 pair of boots (worn)
 h - a scarf of shadows (worn)
Wands
 r - a wand of polymorph (12)
Scrolls
 c - a scroll of silence {unknown}
 d - 4 scrolls of identify {unknown}
 e - a scroll of revelation {unknown}
 j - 2 scrolls of amnesia {unknown}
 k - 2 scrolls of enchant weapon {unknown}
 l - a scroll of summoning {unknown}
 n - a scroll of torment {unknown}
 o - a scroll of poison {unknown}
 s - a scroll of noise {unknown}
Potions
 b - 2 potions of magic
 g - a potion of attraction {unknown}
 m - 2 potions of lignification {unknown}
 q - 2 potions of curing


   Skills:
 - Level 1.5 Dodging
 - Level 2.4 Stealth
 + Level 4.7 Spellcasting
 + Level 5.8 Necromancy
 + Level 0.1 Translocations


You had 4 spell levels left.
You knew the following spells:

 Your Spells              Type           Power      Damage    Failure   Level
a - Necrotise             Necr           88%        1d8       1%          1
b - Vampiric Draining     Necr           22%        2d7       4%          3
c - Animate Dead          Necr           22%        N/A       14%         4
d - Blink                 Tloc           8%         N/A       22%         2

Your spell library contained the following spells:

 Spells                   Type           Power      Damage    Failure   Level
 Lesser Beckoning         Tloc           8%         N/A       22%         2
 Momentum Strike          Conj/Tloc      8%         3d8       22%         2
 Hailstorm                Conj/Ice       3%         3d5       43%         3
 Summon Ice Beast         Ice/Summ       3%         N/A       43%         3
 Curse of Agony           Necr           22%        N/A       36%         5
 Sculpt Simulacrum        Ice/Alch       1%         N/A       100%        6


Dungeon Overview and Level Annotations

Branches:
Dungeon (4/15)
 Temple: D:4-7

Altars:
Gozag
Trog
Uskayaw


Innate Abilities, Weirdness & Mutations

You have extremely sharp teeth.
Your natural rate of healing is unusually fast.
When hurt, damage is shared between your health and your magic reserves.
Your bite disrupts and absorbs the magic of your enemies.
Potions cannot restore your health.


Message History

You are too injured to fight recklessly!
You are too injured to fight recklessly!
You are too injured to fight recklessly!
You are too injured to fight recklessly!
You are too injured to fight recklessly!
You are too injured to fight recklessly!
You are too injured to fight recklessly!
You are too injured to fight recklessly!
You are too injured to fight recklessly!
You are too injured to fight recklessly!
The ufetubus barely misses you. The ufetubus closely misses you.
The gnoll bouda barks out a call to the hunt!
The shadow imp attacks as it pursues you!
The shadow imp closely misses you. The ufetubus attacks as it pursues you!
The ufetubus misses you.
The ufetubus hits you but does no damage.
The ufetubus attacks as it pursues you!
The ufetubus hits you but does no damage. x2
The phantom attacks as it pursues you! The phantom hits you.
The ufetubus completely misses you. The ufetubus hits you.
The phantom attacks as it pursues you! The phantom hits you.
The phantom blinks!
You blink.
The phantom attacks as it pursues you! The phantom hits you.
The phantom blinks!
You blink.
The phantom misses you. The phantom closely misses you.
The ufetubus slips past you! The ufetubus hits you. The ufetubus misses you.
The phantom attacks as it pursues you! The phantom hits you.
The phantom blinks!
You blink.
The phantom hits you. The shadow imp gestures at you.
You struggle to resist.
The ufetubus attacks as it pursues you! The ufetubus barely misses you.
The ufetubus hits you. The steam dragon breathes steam at you.
The ball of steam hits the ufetubus!!
The ufetubus dies!
The ball of steam hits you!!
Ouch! That really hurt!
You die...

...#...# #####.....######
...#...# #...............
.......########.......#.......
###....##........§.ggD...####.#
# ##....'........g...........).
# ######...................~~.
#.......5W§5......~~~~~
#........§.......#.~~~~
######..@....##..#.~~.~
#...........#♣...!
#...>........#...#
#..#######.### ....# ... §...
#.# §≈... ..


You could see a phantom, a gnoll bouda, 2 gnolls, a shadow imp and an ufetubus.

Vanquished Creatures
  A hound (D:6)
  An iguana (D:4)
  2 gnolls
  3 adders
  4 shadow imps (D:6)
  4 white imps (D:6)
  4 ufetubi (D:6)
  3 dart slugs
  A ribbon worm (D:3)
  An orc (D:4)
  6 ball pythons
  2 bats (D:1)
  5 endoplasms
  4 giant cockroaches
  7 goblins
  8 hobgoblins
  4 jackals (D:1)
  2 quokkas
  6 frilled lizards
  7 kobolds
  6 rats
81 creatures vanquished.

Vanquished Creatures (collateral kills)
  A dart slug (D:1)
  2 endoplasms
  A bat (D:1)
  A frilled lizard (D:1)
5 creatures vanquished.

Vanquished Creatures (others)
  An ufetubus (D:6)
1 creature vanquished.

Grand Total: 87 creatures vanquished

Notes
Turn   | Place    | Note
-------+----------+-------------------------------------------
     0 | D:1      | stipulation the Vine Stalker Necromancer began the quest
                  | for the Orb.
     0 | D:1      | Reached XP level 1. HP: 9/9 MP: 4/4
   221 | D:1      | Reached XP level 2. HP: 13/13 MP: 2/6
   404 | D:1      | Reached XP level 3. HP: 16/16 MP: 4/8
  1053 | D:2      | Reached XP level 4. HP: 21/21 MP: 8/10
  1504 | D:2      | Found a bloodstained altar of Trog.
  1667 | D:2      | Reached skill level 5 in Necromancy
  1854 | D:2      | Found a faded altar of an unknown god.
  2332 | D:3      | Found a hide-covered altar of Uskayaw.
  2675 | D:4      | Reached XP level 5. HP: 24/24 MP: 5/12
  2872 | D:4      | You fall into a shaft and drop 2 floors!
  2916 | D:6      | Found an opulent altar of Gozag.
  3279 | D:6      | Learned a level 3 spell: Vampiric Draining
  3349 | D:6      | Reached XP level 6. HP: 23/28 MP: 4/13
  3611 | D:6      | Noticed a steam dragon
  3643 | D:6      | Learned a level 4 spell: Animate Dead
  3646 | D:6      | Learned a level 2 spell: Blink
  3732 | D:6      | Killed from afar by a steam dragon

Illustrated notes

Levels and vault maps discovered:
D:1:      dpeg_arrival_yet_another_circle, layout_basic, serial_park_tiny_2,
          st_stairs_11
D:2:      layout_loops_ring, shapermc_ecumenical_altar_totnotflames, basic_altar
D:3:      layout_loops_ring, mainiacjoe_overflow_tiny_flanked
D:4:      layout_basic
D:6:      layout_basic, mainiacjoe_overflow_surrounded_room, serial_demonic,
          serial_demonic_g, serial_demonic_d, serial_demonic_a,
          serial_demonic_c, serial_demonic_f, serial_demonic_e,
          serial_demonic_f, ebering_ghost_xom, minmay_checkerbox

Skill      XL: |  1  2  3  4 |
---------------+-------------+-----
Spellcasting   | 3 4 |  4.7
Necromancy     | 5 |  5.8
Dodging        | |  1.5
Stealth        | |  2.4
Translocations | |  0.1

Action                     |  1- 3 |  4- 6 || total
---------------------------+-------+-------++-------
  Melee: Unarmed           |    45 |       ||    45
         Bite              |    14 |    43 ||    57
         Punch             |     1 |       ||     1
         Dagger            |       |   170 ||   170
   Cast: Necrotise         |    38 |    55 ||    93
    Use: Potion            |       |     2 ||     2
   Stab: Sleeping          |     1 |     2 ||     3
 Armour: Robe              |    38 |   163 ||   201
  Dodge: Dodged            |    45 |   161 ||   206
